 Dungeon Crawl Stone Soup version 0.21-a0-509-gecc5317 (webtiles) character file.

121 tof the Slasher (level 4, -3/36 HPs)
             Began as a Demonspawn Monk on Nov 29, 2017.
             Was a Believer of Makhleb.
             Slain by a gnoll
             ... wielding a +0 halberd
              (5 damage)
             ... on level 2 of the Dungeon.
             The game lasted 00:03:46 (2211 turns).

tof the Slasher (Demonspawn Monk)                   Turns: 2211, Time: 00:03:47

Health: -3/36      AC: 10    Str: 12    XL:     4   Next: 77%
Magic:  4/4        EV:  6    Int: 11    God:    Makhleb [**....]
Gold:   37         SH:  0    Dex: 16    Spells: 3/3 levels left

rFire    . . .     SeeInvis .   a - +0 falchion
rCold    . . .     Gourm    .   (no shield)
rNeg     . . .     Faith    +   g - +0 chain mail
rPois    .         Spirit   .   (no helmet)
rElec    .         Reflect  .   (no cloak)
rCorr    .         Harm     .   (no gloves)
MR       .....                  (no boots)
Stlth    ..........             e - amulet of faith
HPRegen  0.12/turn              (no ring)
MPRegen  0.09/turn              (no ring)

@: no status effects
A: claws 1, iridescent scales 1
a: Minor Destruction, Renounce Religion


You were on level 2 of the Dungeon.
You worshipped Makhleb.
Makhleb was pleased with you.
You were not hungry.

You visited 1 branch of the dungeon, and saw 2 of its levels.

You collected 37 gold pieces.

Inventory:

Hand Weapons
 a - a +0 falchion (weapon)
Missiles
 n - a javelin (quivered)
Armour
 b - a +0 robe
 g - a +0 chain mail (worn)
Jewellery
 e - an amulet of faith (around neck)
Scrolls
 d - a scroll of enchant weapon {unknown}
 f - a scroll of enchant armour {unknown}
 i - a scroll of identify {unknown}
 j - a scroll of immolation {unknown}
 k - a scroll of fog {unknown}
 m - a scroll of teleportation {unknown}
Potions
 h - 3 potions of curing
 l - 2 potions of flight {unknown}
 p - a potion of heal wounds {unknown}
Comestibles
 c - 2 bread rations
 q - 2 fruits


   Skills:
 + Level 3.6 Fighting
 * Level 3.7 Long Blades
 + Level 1.5 Armour
 + Level 3.2 Dodging
 - Level 1.7 Stealth
 * Level 1.0 Invocations


You had 3 spell levels left.
You didn't know any spells.

Dungeon Overview and Level Annotations

Branches:
Dungeon (2/15)

Altars:
Kikubaaqudgha
Makhleb
Uskayaw


Innate Abilities, Weirdness & Mutations

You have sharp fingernails.
You are partially covered in iridescent scales. (AC +2)


Message History

The gnoll hits you from afar with a halberd!
Press: ? - help, Shift-Dir - straight line, f/p - gnoll
Aim: a gnoll, wielding a halberd (moderately wounded)
The puff of flame misses the gnoll.
The gnoll hits you from afar with a halberd!
You hit the gnoll but do no damage.
The gnoll is moderately wounded.
The gnoll hits you with a halberd!
* * * LOW HITPOINT WARNING * * *
You hit the gnoll but do no damage.
The gnoll is moderately wounded.
The gnoll hits you with a halberd!
* * * LOW HITPOINT WARNING * * *
You hit the gnoll.
The gnoll is moderately wounded.
The gnoll hits you but does no damage.
You hit the gnoll.
The gnoll is almost dead.
The gnoll hits you with a halberd.
You die...

.##. ... ..# .# #.#
.## #)# ... #.# #(#
######(##
########.....g!#
#.....##>###.@.##
####.....##.##.^...#
.........##.##.รท(.##
####.....##.#.#...#
## #.....##..###..#
.##########.#.#.###
..# #.##.# ..# #.# ##
#.# #.#


You could see a gnoll.

Vanquished Creatures
  A crimson imp (D:2)
  3 adders (D:2)
  2 gnolls (D:2)
  A worm (D:2)
  A leopard gecko (D:1)
  5 bat zombies (D:2)
  A giant cockroach (D:2)
  6 goblins
  4 hobgoblins
  2 kobolds
  2 quokkas (D:2)
  7 bats
  A frilled lizard (D:1)
  3 rats
39 creatures vanquished.

Notes
Turn   | Place    | Note
-------+----------+-------------------------------------------
     0 | D:1      | tof the Demonspawn Monk began the quest for the Orb.
     0 | D:1      | Reached XP level 1. HP: 18/18 MP: 1/1
   519 | D:1      | Gained mutation: You have sharp fingernails. [demonic ancestry]
   519 | D:1      | Reached XP level 2. HP: 17/24 MP: 2/2
  1246 | D:2      | Reached XP level 3. HP: 15/29 MP: 3/3
  1564 | D:2      | Reached skill level 1 in Armour
  1579 | D:2      | Found an ancient bone altar of Kikubaaqudgha.
  1829 | D:2      | Found a hide-covered altar of Uskayaw.
  1971 | D:2      | Found a burning altar of Makhleb.
  2039 | D:2      | Gained mutation: You are partially covered in iridescent scales. (AC +2) [demonic ancestry]
  2039 | D:2      | Reached XP level 4. HP: 27/35 MP: 4/4
  2107 | D:2      | Became a worshipper of Makhleb the Destroyer
  2107 | D:2      | Reached * piety under Makhleb
  2107 | D:2      | Reached ** piety under Makhleb
  2203 | D:2      | Reached skill level 1 in Invocations
  2209 | D:2      | HP: 1/36 [gnoll/halberd (8)]
  2211 | D:2      | Slain by a gnoll

Vault maps used:
D:1:      mainiacjoe_arrival_reflecting_pool
D:2:      lemuel_zombie_altar_kikubaaqudgha, eat_drink_and_be_merry_uskayaw,
          makhleb_grotto_becter, first_bread, minmay_splitting_lines

Skill      XL: |  1  2  3  4 |
---------------+-------------+-----
Long Blades    | 3 |  3.7
Dodging        | 3 |  3.2
Armour         | 1 |  1.5
Invocations    | 1 |  1.0
Fighting       | |  3.6
Stealth        | |  1.7

Action                   |  1- 3 |  4- 6 || total
-------------------------+-------+-------++-------
Melee: Falchion          |   179 |    13 ||   192
Throw: Javelin           |       |     4 ||     4
Invok: Minor Destruction |       |     5 ||     5
  Use: Potion            |     1 |       ||     1
  Eat: Chunk             |     3 |     1 ||     4
Armor: Chain mail        |   147 |     6 ||   153
       Robe              |     3 |       ||     3
Dodge: Dodged            |    72 |     6 ||    78
       Rpst.: Falchion   |    23 |     2 ||    25

Table legend:
 A = Spawn XP
 B = Non-spawn XP
 C = Spawn XP percentage of total XP
 D = Spawn monster count
 E = Non-spawn monster count
 F = Spawn count percentage of total count
 G = Total turns spent on level
                    A         B        C        D         E        F      G
               +---------+---------+-------+---------+---------+-------+---------
         Total |       0 |     174 |   0.0 |       0 |      39 |   0.0 |  2211
               +---------+---------+-------+---------+---------+-------+---------
           D:1 |       0 |      25 |   0.0 |       0 |      15 |   0.0 |   942
           D:2 |       0 |     149 |   0.0 |       0 |      24 |   0.0 |  1269
               +---------+---------+-------+---------+---------+-------+---------
